 Dungeon Crawl Stone Soup version 0.29.0-4-gdea44cf6ec (webtiles) character file.

Game seed: 17058661562683113185

494 qw the Chopper (level 7, -9/41 HPs)
             Began as a Tengu Warper on Aug 28, 2022.
             Mangled by a gnoll
             ... wielding a +0 whip of electrocution
             ... led by a gnoll bouda
              (13 damage)
             ... on level 5 of the Dungeon.
             The game lasted 00:00:31 (6216 turns).

qw the Chopper (Tengu Warper)                       Turns: 6216, Time: 00:00:32

Health: -9/41      AC: 11    Str: 13    XL:     7   Next: 15%
Magic:  11/11      EV:  5    Int: 13    God:
Gold:   287        SH:  0    Dex: 14    Spells: 10/10 levels left

rFire   . . .      SeeInvis +   Y - +0 hand axe
rCold   . . .      Faith    .   (no shield)
rNeg    . . .      Spirit   .   e - +0 plate armour
rPois   .          Reflect  .   (helmet restricted)
rElec   .          Harm     .   (no cloak)
rCorr   .          Rampage  .   (no gloves)
Will    .....                   (boots unavailable)
Stlth   ..........              (no amulet)
HPRegen 0.13/turn               d - ring of see invisible
MPRegen 0.12/turn               (no ring)

@: about to teleport, flying quickly and evasively, quick
A: beak, talons 3, nimble flight
a: no special abilities


You were on level 5 of the Dungeon.
You visited 1 branch of the dungeon, and saw 5 of its levels.

You collected 287 gold pieces.


Innate Abilities, Weirdness & Mutations

You have a beak for a mouth.
You have claws for feet.
Your magical nature lets you fly swiftly and evasively.


   Skills:
 - Level 3.0 Fighting
 + Level 7.0 Axes
 - Level 1.0 Throwing
 - Level 3.4 Armour
 - Level 2.1 Dodging
 - Level 2.0 Spellcasting
 - Level 2.4 Translocations


You had 10 spell levels left.
You didn't know any spells.
Your spell library contained the following spells:

 Spells                   Type           Power      Damage    Failure   Level
 Blink                    Tloc           14%        N/A       100%        2
 Gell's Gravitas          Tloc           7%         N/A       100%        3
 Lesser Beckoning         Tloc           7%         N/A       100%        3
 Teleport Other           Tloc           7%         N/A       100%        3
 Manifold Assault         Tloc           7%         N/A       100%        5

Inventory:

Hand Weapons
 g - a +0 flail
 Y - a +0 hand axe (weapon)
Missiles
 k - 4 boomerangs (quivered)
Armour
 e - a +0 plate armour (worn)
Jewellery
 d - a ring of see invisible (left hand)
Scrolls
 i - a scroll of identify
 j - a scroll of teleportation
Potions
 a - a potion of brilliance {unknown}
 b - a potion of haste
 c - a potion of curing {unknown}
 f - a potion of heal wounds {unknown}
 h - a potion of degeneration {unknown}

Dungeon Overview and Level Annotations

Branches:
Dungeon (5/15)
 Temple: D:4-7

Altars:
Cheibriados
Makhleb
Nemelex Xobeh
Vehumet
Wu Jian

Shops:
D:2 [


Message History

The centaur wields a +0 shortbow.
The centaur shoots an arrow.
The arrow hits you.
The gnoll shouts!
You see here a scroll labelled RIYTAI VOLY.
The centaur shoots an arrow.
The arrow hits you. The gnoll hits you but does no damage.
The centaur shoots an arrow.
The arrow hits you!
You closely miss the gnoll. You claw the gnoll.
The gnoll is heavily wounded.
You hit the gnoll. The gnoll hits you with a +0 spear.
The centaur shoots an arrow.
The arrow hits you but does no damage. The gnoll hits you with a +0 whip.
You slash the gnoll!
You kill the gnoll!
You hit the gnoll.
The centaur shoots an arrow.
The arrow hits you. The gnoll hits you with a +0 spear.
A jelly comes into view.
The centaur shoots an arrow.
The arrow hits you but does no damage.
You hit the gnoll. Your kick misses the gnoll.
The gnoll is severely wounded.
The gnoll hits you but does no damage.
The centaur shoots an arrow.
The arrow hits you but does no damage.
You barely miss the gnoll. You peck the gnoll, but do no damage.
The gnoll is severely wounded.
The centaur shoots an arrow.
The arrow hits you! The gnoll hits you but does no damage.
The centaur shoots an arrow.
The arrow closely misses you.
6215 ||| READING 2 scrolls of teleportation.
As you read the scroll of teleportation, it crumbles to dust.
You feel strangely unstable. The gnoll hits you with a +0 spear.
You barely miss the gnoll. You claw the gnoll.
You kill the gnoll!
You hit the gnoll bouda.
The centaur shoots an arrow.
The arrow hits you but does no damage. The gnoll bouda barely misses you.
The centaur shoots an arrow.
The arrow hits you but does no damage. The gnoll hits you but does no damage.
You are electrocuted!
You die...

.......# ##
.......# #..
#......###
...#........
.g#(..J..#
#....c..#.#
#.g>......#
...#.g@..#
#......#
#.....?##
#.......##
...#.....#<#
..##......##
### #.......
..###.....
... ##...#


You could see a centaur, a gnoll bouda, a jelly and 2 gnolls.

Vanquished Creatures
  An ogre (D:4)
  A kobold brigand (D:4)
  A scorpion (D:4)
  A jelly (D:4)
  2 iguanas (D:4)
  An orc wizard (D:3)
  5 gnolls
  5 adders
  2 dart slugs
  4 orcs
  5 bats
  5 endoplasms
  2 giant cockroaches
  6 goblins
  11 hobgoblins
  13 jackals
  3 quokkas (D:1)
  8 ball pythons
  5 frilled lizards
  6 kobolds
  5 rats
92 creatures vanquished.

Vanquished Creatures (others)
  15 plants
15 creatures vanquished.

Grand Total: 107 creatures vanquished

Notes
Turn   | Place    | Note
-------+----------+-------------------------------------------
     0 | D:1      | qw the Tengu Warper began the quest for the Orb.
     0 | D:1      | Reached XP level 1. HP: 12/12 MP: 4/4
     0 | D:1      | 0 ||| qw: Version: 0.1-a-89-g26bdef1
     0 | D:1      | 0 ||| qw: Game counter: 3352
     0 | D:1      | 0 ||| qw: Always use a shield: true
     0 | D:1      | 0 ||| qw: God list: Okawaru
     0 | D:1      | 0 ||| qw: Allow faded altars: false
     0 | D:1      | 0 ||| qw: Do Orc after D:15 true
     0 | D:1      | 0 ||| qw: Do second Lair branch before Depths: true
     0 | D:1      | 0 ||| qw: Lair rune preference: random
     0 | D:1      | 0 ||| qw: Plans: Normal
     0 | D:1      | 0 ||| PLANNING D:1-11
    28 | D:1      | 28 ||| Stepping ~*~*~tactically~*~*~ (stealth).
   114 | D:1      | 114 ||| Stepping ~*~*~tactically~*~*~ (stealth).
   209 | D:1      | Reached XP level 2. HP: 17/17 MP: 6/6
   211 | D:1      | Reached skill level 3 in Axes
   810 | D:1      | Reached XP level 3. HP: 10/21 MP: 7/7
   963 | D:1      | 963 ||| DROPPING +0 club.
  1291 | D:1      | Reached skill level 4 in Axes
  1389 | D:1      | 1389 ||| UPGRADING to +0 plate armour.
  1399 | D:1      | 1399 ||| DROPPING +0 leather armour.
  1400 | D:1      | 1400 ||| READING scroll labelled GUURIA DYUSTIL.
  1401 | D:1      | 1401 ||| READING scroll labelled GITHRE FULL.
  1402 | D:1      | 1402 ||| DROPPING scroll of blinking.
  1471 | D:2      | 1471 ||| Stepping ~*~*~tactically~*~*~ (hiding).
  1600 | D:2      | Found a faded altar of an unknown god.
  1725 | D:2      | Found Wudeo's Antique Armour Shop.
  1733 | D:2      | 1733 ||| SHOPLISTING runed cloak (180 gold, have 84).
  1975 | D:2      | 1975 ||| Stepping ~*~*~tactically~*~*~ (stealth).
  1978 | D:2      | 1978 ||| Stepping ~*~*~tactically~*~*~ (stealth).
  2031 | D:2      | 2031 ||| Stepping ~*~*~tactically~*~*~ (stealth).
  2040 | D:2      | Reached XP level 4. HP: 26/26 MP: 8/8
  2147 | D:2      | Found a radiant altar of Vehumet.
  2423 | D:2      | 2423 ||| READING scroll labelled NANEAGR VABEA.
  2424 | D:2      | 2424 ||| DRINKING 2 golden potions.
  2425 | D:2      | 2425 ||| DRINKING 2 fuming dark potions.
  2426 | D:2      | 2426 ||| DROPPING potion of flight.
  2454 | D:3      | 2454 ||| STAIRDANCE
  2535 | D:3      | 2535 ||| Stepping ~*~*~tactically~*~*~ (stealth).
  2821 | D:3      | HP: 6/26 [poisoned by a kobold]
  3129 | D:3      | 3129 ||| Stepping ~*~*~tactically~*~*~ (hiding).
  3131 | D:3      | 3131 ||| Stepping ~*~*~tactically~*~*~ (hiding).
  3137 | D:3      | Reached skill level 5 in Axes
  3152 | D:3      | 3152 ||| Stepping ~*~*~tactically~*~*~ (stealth).
  3185 | D:3      | Found a faded altar of an unknown god.
  3190 | D:3      | Found a snail-covered altar of Cheibriados.
  3266 | D:3      | Gained mutation: Your magical nature lets you fly swiftly
                  | and evasively. [Tengu growth]
  3266 | D:3      | Reached XP level 5. HP: 27/30 MP: 9/9
  3350 | D:3      | Found a burning altar of Makhleb.
  3383 | D:3      | 3383 ||| DROPPING amulet of faith.
  3384 | D:3      | 3384 ||| UPGRADING to ring of see invisible.
  3385 | D:3      | 3385 ||| DROPPING ring of wizardry.
  3474 | D:3      | 3474 ||| Stepping randomly (stuck).
  3498 | D:4      | 3498 ||| Stepping ~*~*~tactically~*~*~ (hiding).
  3499 | D:4      | 3499 ||| Stepping ~*~*~tactically~*~*~ (hiding).
  3500 | D:4      | 3500 ||| Stepping ~*~*~tactically~*~*~ (hiding).
  3627 | D:4      | 3627 ||| Stepping ~*~*~tactically~*~*~ (hiding).
  3846 | D:4      | 3846 ||| DROPPING +2 whip of freezing.
  3905 | D:4      | 3905 ||| FLEEEEING.
  3906 | D:4      | 3906 ||| FLEEEEING.
  3907 | D:4      | 3907 ||| FLEEEEING.
  3908 | D:4      | 3908 ||| FLEEEEING.
  3909 | D:4      | 3909 ||| FLEEEEING.
  3910 | D:4      | 3910 ||| FLEEEEING.
  3911 | D:4      | 3911 ||| FLEEEEING.
  3913 | D:4      | 3913 ||| FLEEEEING.
  3914 | D:4      | 3914 ||| FLEEEEING.
  3917 | D:4      | 3917 ||| FLEEEEING.
  3919 | D:4      | 3919 ||| FLEEEEING.
  3920 | D:4      | 3920 ||| FLEEEEING.
  3921 | D:4      | 3921 ||| FLEEEEING.
  3922 | D:4      | 3922 ||| FLEEEEING.
  3923 | D:4      | 3923 ||| FLEEEEING.
  3924 | D:4      | 3924 ||| FLEEEEING.
  3926 | D:4      | 3926 ||| FLEEEEING.
  3927 | D:4      | 3927 ||| FLEEEEING.
  3928 | D:4      | 3928 ||| FLEEEEING.
  3929 | D:4      | 3929 ||| FLEEEEING.
  3930 | D:4      | 3930 ||| FLEEEEING.
  3931 | D:4      | 3931 ||| FLEEEEING.
  3932 | D:4      | 3932 ||| FLEEEEING.
  3933 | D:4      | 3933 ||| FLEEEEING.
  3934 | D:4      | 3934 ||| FLEEEEING.
  3935 | D:4      | 3935 ||| STAIRDANCE
  4067 | D:4      | 4067 ||| Stepping ~*~*~tactically~*~*~ (hiding).
  4076 | D:4      | Reached skill level 6 in Axes
  4076 | D:4      | Reached XP level 6. HP: 16/35 MP: 10/10
  4361 | D:4      | Found an ornate altar of the Wu Jian Council.
  4362 | D:4      | Found a sparkling altar of Nemelex Xobeh.
  4831 | D:4      | Reached skill level 7 in Axes
  5020 | D:4      | HP: 7/35 [ogre/+0 giant spiked club (17)]
  5023 | D:4      | HP: 2/35 [ogre/+0 giant spiked club (5)]
  5025 | D:4      | Reached skill level 3 in Armour
  5525 | D:4      | 5525 ||| FLEEEEING.
  5526 | D:4      | 5526 ||| FLEEEEING.
  5528 | D:4      | 5528 ||| FLEEEEING.
  5532 | D:4      | 5532 ||| FLEEEEING.
  5533 | D:4      | 5533 ||| FLEEEEING.
  5534 | D:4      | 5534 ||| FLEEEEING.
  5535 | D:4      | 5535 ||| FLEEEEING.
  5536 | D:4      | 5536 ||| FLEEEEING.
  5541 | D:4      | 5541 ||| FLEEEEING.
  5542 | D:4      | 5542 ||| FLEEEEING.
  5543 | D:4      | 5543 ||| FLEEEEING.
  5544 | D:4      | 5544 ||| FLEEEEING.
  5559 | D:4      | 5559 ||| FLEEEEING.
  5560 | D:4      | 5560 ||| STAIRDANCE
  5695 | D:3      | 5695 ||| DROPPING amulet of magic regeneration.
  5717 | D:4      | Reached XP level 7. HP: 26/40 MP: 11/11
  5717 | D:4      | 5717 ||| STAIRDANCE
  5840 | D:4      | 5840 ||| Stepping ~*~*~tactically~*~*~ (hiding).
  5842 | D:4      | 5842 ||| Stepping ~*~*~tactically~*~*~ (hiding).
  5843 | D:4      | 5843 ||| Stepping ~*~*~tactically~*~*~ (hiding).
  5844 | D:4      | 5844 ||| Stepping ~*~*~tactically~*~*~ (hiding).
  5972 | D:4      | Reached skill level 3 in Fighting
  6186 | D:4      | 6186 ||| READING 3 scrolls labelled OGOEVV TOALIDEEX.
  6206 | D:5      | Entered Level 5 of the Dungeon
  6214 | D:5      | HP: 7/41 [centaur/arrow (7)]
  6215 | D:5      | 6215 ||| READING 2 scrolls of teleportation.
  6216 | D:5      | Mangled by a gnoll

Levels and vault maps discovered:
D:1:      wheals_arrival_linesprint, layout_rooms, serial_bayou,
          serial_bayou_pond_b, serial_bayou_lagoon_a, serial_bayou_ford_a,
          serial_bayou_shore_b
D:2:      layout_basic, shapermc_ecumenical_altar_mp_highgroup, basic_altar,
          serial_shops, shop
D:3:      layout_basic, nicolae_overflow_ecumenical_swirl,
          lightli_temple_of_fire
D:4:      cheibrodos_old_hovel, layout_loops_corners,
          mainiacjoe_overflow_divided_tiny
D:5:      nicolae_cairo_tiling, layout_loops_ring, nicolae_ru_awakened_eye,
          uniq_crazy_yiuf_cottage, uniq_menkaure, uniq_eustachio

Skill      XL: |  1  2  3  4  5  6  7 |
---------------+----------------------+-----
Axes           | 3 4 5 6 7 |  7.0
Armour         | 2 3 |  3.4
Fighting       | 3 |  3.0
Throwing       | |  1.0
Dodging        | |  2.1
Spellcasting   | |  2.0
Translocations | |  2.4

Action                   |  1- 3 |  4- 6 |  7- 9 || total
-------------------------+-------+-------+-------++-------
Melee: Hand axe          |   107 |   145 |    10 ||   262
       Kick              |    21 |    34 |     4 ||    59
       Peck              |    14 |    30 |     1 ||    45
       Punch             |       |     2 |       ||     2
Throw: Boomerang         |     7 |     2 |       ||     9
  Use: Scroll            |     2 |     1 |     2 ||     5
       Potion            |       |     2 |       ||     2
Armor: Leather armour    |    12 |       |       ||    12
       Plate armour      |    24 |    67 |    10 ||   101
Dodge: Dodged            |    42 |    20 |     4 ||    66

Table legend:
 A = Non-vault XP
 B = Vault XP
 C = Vault XP percentage of total XP
 D = Non-vault monster count
 E = Vault monster count
 F = Vault count percentage of total count
                 A         B        C        D         E       F
            +---------+---------+-------+---------+---------+-------
      Total |     698 |      22 |   3.1 |      85 |       7 |   7.6
            +---------+---------+-------+---------+---------+-------
        D:1 |      36 |       9 |  20.0 |      21 |       6 |  22.2
        D:2 |      54 |       0 |   0.0 |      20 |       0 |   0.0
        D:3 |      67 |       0 |   0.0 |      17 |       0 |   0.0
        D:4 |     514 |      13 |   2.5 |      25 |       1 |   3.8
        D:5 |      27 |       0 |   0.0 |       2 |       0 |   0.0
            +---------+---------+-------+---------+---------+-------
